 Dungeon Crawl Stone Soup version 0.30.0-18-gc0e69614cb (webtiles) character file.

Game seed: 14318744494861629551

19 CaptainMV the Trooper (level 2, 0/22 HPs)
             Began as a Demonspawn Wanderer on May 25, 2023.
             Slain by a worm (11 damage)
             ... on level 2 of the Dungeon.
             The game lasted 00:05:27 (676 turns).

CaptainMV the Trooper (Demonspawn Wanderer)          Turns: 676, Time: 00:05:27

Health: 0/22       AC:  2    Str:  8    XL:     2   Next: 55%
Magic:  0/3        EV: 10    Int: 13    God:
Gold:   56         SH: 10    Dex: 18    Spells: 1/3 levels left

rFire   . . .        a - +2 falchion
rCold   . . .        b - +0 buckler
rNeg    . . .        d - +0 robe
rPois   .            (no helmet)
rElec   .            (no cloak)
rCorr   .            (no gloves)
SInv    .            (no boots)
Will    .....        f - amulet of reflection
Stlth   +++          (no ring)
HPRegen 0.23/turn    (no ring)
MPRegen 0.08/turn

%: reflection
@: very slightly contaminated
A: thin skeletal structure 1
a: no special abilities


You were on level 2 of the Dungeon.
You visited 1 branch of the dungeon, and saw 2 of its levels.

You collected 56 gold pieces.

Inventory:

Hand Weapons
 a - a +2 falchion (weapon)
Armour
 b - a +0 buckler (worn)
 d - a +0 robe (worn)
Jewellery
 f - an amulet of reflection (around neck)
Scrolls
 c - a scroll of blinking


   Skills:
 + Level 2.2 Fighting
 + Level 2.1 Long Blades
 + Level 1.0 Throwing
 + Level 0.1 Dodging
 + Level 0.4 Stealth
 + Level 1.9 Shields
 + Level 1.0 Spellcasting
 + Level 2.1 Air Magic


You had one spell level left.
You knew the following spells:

 Your Spells              Type           Power      Damage    Failure   Level
a - Shock                 Conj/Air       12%        1d3       28%         1
b - Sandblast             Erth           0%         2d4       41%         1

Your spell library contained the following spells:

 Spells                   Type           Power      Damage    Failure   Level
 Swiftness                Air            6%         N/A       50%         3
 Passwall                 Tmut/Erth      0%         N/A       54%         2
 Stone Arrow              Conj/Erth      0%         3d7       78%         3


Dungeon Overview and Level Annotations

Branches:
Dungeon (2/15)

Altars:


Innate Abilities, Weirdness & Mutations

You have a somewhat thin skeletal structure. (Dex +2, Stealth+)


Message History

Found a scroll labelled BIPRAO RYNONUMN.
There is a stone staircase leading up here.
g - a scroll labelled BIPRAO RYNONUMN
As you read the scroll labelled BIPRAO RYNONUMN, it crumbles to dust.
It is a scroll of identify.
e - a potion of attraction You drop a potion of attraction.
A worm comes into view.
Casting: Sandblast (safe; 41% risk of failure)
Confirm with . or Enter, or press ? or * to list all spells.
You can't see any susceptible monsters within range! (Use Z to cast anyway.)
Casting: Sandblast (safe; 41% risk of failure)
Confirm with . or Enter, or press ? or * to list all spells.
Aiming: Shock (safe; 28% risk of failure)
Press: ? - help, Shift-Dir - straight line, f - worm
Aim: a worm (asleep, 100% to hit)
You miscast Shock.
You are very lightly contaminated with residual magic.
Nothing appears to happen.
Unknown command.
Casting: Shock (safe; 28% risk of failure)
Confirm with . or Enter, or press ? or * to list all spells.
Aiming: Shock (safe; 28% risk of failure)
Press: ? - help, Shift-Dir - straight line, f/p - worm
Aim: a worm (asleep, 100% to hit)
The zap hits the worm.
The worm is lightly wounded.
Casting: Shock (safe; 28% risk of failure)
Confirm with . or Enter, or press ? or * to list all spells.
Aiming: Shock (safe; 28% risk of failure)
Press: ? - help, Shift-Dir - straight line, f/p - worm
Aim: a worm (lightly wounded, 88% to hit)
You miscast Shock.
Nothing appears to happen.
The worm bites you but does no damage.
You barely miss the worm. You barely miss the worm. The worm bites you!
Ouch! That really hurt!
You barely miss the worm. The worm bites you!
Ouch! That really hurt!
You die...

..##.#
#.##.#
#.##.#
#.##.# .
#.##.# ...
#.##.#
.....##.##.#
......w@...#
.....#####.#
... #.# #
#.# #.# #.#
#.#####.##
#...<..!#
#.#####..#


You could see a worm.

Vanquished Creatures
  3 bats (D:1)
  2 endoplasms (D:1)
  A giant cockroach (D:1)
  3 hobgoblins (D:1)
  A ball python (D:1)
  2 frilled lizards (D:1)
  3 kobolds (D:1)
  3 rats (D:1)
18 creatures vanquished.

Notes
Turn   | Place    | Note
-------+----------+-------------------------------------------
     0 | D:1      | CaptainMV the Demonspawn Wanderer began the quest for the
                  | Orb.
     0 | D:1      | CaptainMV set off with the following items: a +2 falchion,
                  | a +0 buckler, a scroll of blinking, a +0 robe; and the
                  | following spell memorised: Shock; and the following spells
                  | available to memorise: Swiftness.
     0 | D:1      | Reached XP level 1. HP: 16/16 MP: 2/2
   154 | D:1      | Gained mutation: You have a somewhat thin skeletal
                  | structure. (Dex +2, Stealth+) [demonic ancestry]
   154 | D:1      | Reached XP level 2. HP: 22/22 MP: 3/3
   196 | D:1      | Learned a level 1 spell: Sandblast
   676 | D:2      | Slain by a worm

Illustrated notes

Levels and vault maps discovered:
D:1:      lightli_arrival_lavapool, layout_basic
D:2:      layout_loops_ring, serial_shops, nicolae_shop_just_a_little_nook,
          serial_park_tiny_1, serial_park_tiny_1, uniq_natasha

Skill      XL: |  1 |
---------------+----+-----
Air Magic      | 2 |  2.1
Long Blades    | 2 |  2.1
Fighting       | |  2.2
Throwing       | |  1.0
Dodging        | |  0.1
Stealth        | |  0.4
Shields        | |  1.9
Spellcasting   | |  1.0

Action                     || total
---------------------------++-------
  Melee: Falchion          ||    34
   Cast: Shock             ||    11
         Sandblast         ||     3
    Use: Scroll            ||     4
 Armour: Robe              ||    11
  Dodge: Dodged            ||    23
  Block: Buckler           ||    12
